 Dungeon Crawl Stone Soup version 0.29.0-11-gd7f09526c8 (webtiles) character file.

Game seed: 4596159382079972741

401 Zeldest the Caller (level 6, -3/56 HPs)
             Began as a Naga Summoner on Sept 3, 2022.
             Slain by Duvessa
             ... wielding a +5 short sword of venom
              (4 damage)
             ... on level 4 of the Dungeon.
             The game lasted 00:09:38 (1284 turns).

Zeldest the Caller (Naga Summoner)                  Turns: 1284, Time: 00:09:38

Health: -3/56      AC:  8    Str: 11    XL:     6   Next: 85%
Magic:  1/9        EV: 18    Int: 17    God:
Gold:   120        SH:  0    Dex: 11    Spells: 3/9 levels left

rFire   + + .      SeeInvis +     - Unarmed
rCold   + + .      Faith    .   (shield currently unavailable)
rNeg    + + +      Spirit   .   (body armour currently unavailable)
rPois   ∞          Reflect  .   (helmet currently unavailable)
rElec   +          Harm     .   (cloak currently unavailable)
rCorr   +          Rampage  .   (gloves currently unavailable)
Will    .....                   (no barding)
Stlth   ++........              (amulet currently unavailable)
HPRegen 0.18/turn               (ring currently unavailable)
MPRegen 0.11/turn               (ring currently unavailable)

@: wisp-form, flying
A: insubstantial, flying, no casting, AC +2, tiny, see invisible, (deformed
body), (poison resistance), (slowness 2), spit poison 1, (naga tail 1)
a: Spit Poison


You were on level 4 of the Dungeon.
You were an insubstantial wisp.
You visited 1 branch of the dungeon, and saw 4 of its levels.

You collected 120 gold pieces.

Inventory:

Armour
 a - a +0 robe (melded)
Magical Staves
 c - a staff of fire
Wands
 n - a wand of digging (3)
 r - a wand of polymorph (7)
Scrolls
 d - a scroll of blinking {unknown}
 e - 2 scrolls of enchant armour {unknown}
 h - a scroll of noise {unknown}
 o - 3 scrolls of immolation {unknown}
 p - a scroll of teleportation {unknown}
 s - a scroll of enchant weapon {unknown}
Potions
 b - a potion of magic
 f - 2 potions of curing
 g - a potion of attraction {unknown}
 i - a potion of ambrosia {unknown}
 j - 2 potions of degeneration {unknown}
 k - a potion of lignification {unknown}
 l - a potion of flight {unknown}
 m - a potion of heal wounds {unknown}
 q - 2 potions of mutation {unknown}


   Skills:
 + Level 3.5 Fighting
 - Level 1.5 Dodging
 - Level 3.0 Stealth
 - Level 1.8 Unarmed Combat
 - Level 2.0 Spellcasting
 + Level 5.5 Summonings
 + Level 3.1 Translocations
 + Level 0.0 Invocations


You had 3 spell levels left.
You knew the following spells:

 Your Spells              Type           Power      Damage    Failure   Level
a - Call Imp              Summ           20%        N/A       3%          2
b - Summon Small Mammal   Summ           80%        N/A       1%          1
f - Call Canine Familiar  Summ           20%        N/A       6%          3

Your spell library contained the following spells:

 Spells                   Type           Power      Damage    Failure   Level
 Blink                    Tloc           24%        N/A       9%          2
 Lesser Beckoning         Tloc           12%        N/A       16%         3
 Summon Guardian Golem    Hex/Summ       11%        N/A       19%         3
 Summon Lightning Spire   Summ/Air       11%        N/A       52%         4
 Manifold Assault         Tloc           12%        N/A       83%         5


Dungeon Overview and Level Annotations

Branches:
Dungeon (4/15)
 Temple: D:4-7

Altars:
Hepliaklqana

Annotations:
D:4 Duvessa


Innate Abilities, Weirdness & Mutations

You are an insubstantial wisp.
Your tiny insubstantial body is highly resistant to most damage types.
You are flying.
Your equipment is entirely melded.
You are incapable of wielding weapons or throwing items.
You cannot cast spells.
((Your serpentine skin is tough. (AC +2)))
You have supernaturally acute eyesight. (SInv)
((Armour fits poorly on your strangely shaped body.))
((Your system is resistant to poisons. (rPois)))
((You cover ground very slowly.))
You can spit poison.
((You have a snake-like lower body.))


Message History

You turn into an insubstantial wisp.
Your +0 robe melds into your body.
Your hound closely misses Duvessa.
Duvessa completely misses you.
Your hound barely misses Duvessa.
You touch Duvessa.
Duvessa is lightly wounded.
Your hound bites Duvessa.
Duvessa hits you with a +5 short sword of venom.
* * * LOW HITPOINT WARNING * * *
You barely miss Duvessa.
Duvessa is moderately wounded.
Your hound barely misses Duvessa.
Duvessa misses you.
You completely miss Duvessa.
Duvessa is moderately wounded.
Your hound bites Duvessa.
Your hound closely misses Duvessa.
You barely miss Duvessa.
Duvessa is moderately wounded.
Duvessa barely misses you.
Your hound bites Duvessa.
You touch Duvessa.
Duvessa is heavily wounded.
Your hound bites Duvessa but does no damage.
Duvessa hits you with a +5 short sword of venom.
* * * LOW HITPOINT WARNING * * *
Your hound closely misses Duvessa.
You barely miss Duvessa.
Duvessa is heavily wounded.
Duvessa misses you.
Your hound closely misses Duvessa.
You touch Duvessa.
Duvessa is heavily wounded.
Your hound bites Duvessa.
Duvessa hits your hound with a +5 short sword of venom!
You touch Duvessa.
Duvessa is severely wounded.
Your hound bites Duvessa.
Duvessa hits you with a +5 short sword of venom!
* * * LOW HITPOINT WARNING * * *
You touch Duvessa but do no damage.
Duvessa is severely wounded.
Your hound bites Duvessa.
Duvessa hits you with a +5 short sword of venom.
You die...

## ### ##.# #.# #..#
##.. ##..# #..# . #..#
####### #..# ...
###..####..>..# #..#
.....####...h.#.......#
#..#
#......##ev........#
#..#
##..#####..........#
#..# #..# #.........##
#..# #.# ##.......)##
##(.# #<.
###.....).####.... #..
#######...##.... ...
##...).... ...
###)..... ###...##...


You could see Duvessa (ally target) and a friendly hound (summoned).

Vanquished Creatures
  Terence (D:3)
  A giant cockroach (D:2)
  3 hobgoblins
  3 quokkas
  A ball python (D:1)
  2 bats (D:1)
  A frilled lizard (D:2)
  A kobold (D:2)
  3 rats
16 creatures vanquished.

Vanquished Creatures (collateral kills)
  Sigmund (D:3)
  An orc priest (D:4)
  Jessica (D:3)
  An iguana (D:4)
  An orc wizard (D:4)
  A gnoll (D:3)
  5 adders
  A worm (D:2)
  A dart slug (D:1)
  4 orcs (D:4)
  4 bats
  2 endoplasms
  A giant cockroach (D:1)
  3 goblins
  A hobgoblin (D:1)
  A quokka (D:1)
  2 ball pythons
  5 kobolds
36 creatures vanquished.

Grand Total: 52 creatures vanquished

Notes
Turn   | Place    | Note
-------+----------+-------------------------------------------
     0 | D:1      | Zeldest the Naga Summoner began the quest for the Orb.
     0 | D:1      | Reached XP level 1. HP: 15/15 MP: 3/3
    66 | D:1      | Reached XP level 2. HP: 19/24 MP: 3/5
    69 | D:1      | Learned a level 2 spell: Call Imp
   236 | D:1      | Reached skill level 1 in Fighting
   236 | D:1      | Reached skill level 1 in Unarmed Combat
   308 | D:1      | Reached XP level 3. HP: 23/31 MP: 2/6
   658 | D:3      | Noticed Jessica
   663 | D:3      | Killed Jessica
   664 | D:3      | Reached XP level 4. HP: 30/39 MP: 2/7
   694 | D:3      | Learned a level 3 spell: Call Canine Familiar
   782 | D:3      | Reached skill level 1 in Translocations
   861 | D:3      | Found a hazy altar of Hepliaklqana.
   920 | D:3      | Noticed Sigmund
   935 | D:3      | Killed Sigmund
   936 | D:3      | Reached skill level 5 in Summonings
   936 | D:3      | Reached XP level 5. HP: 47/49 MP: 1/8
   936 | D:3      | Reached XP level 6. HP: 54/56 MP: 1/9
   955 | D:3      | Noticed Terence
   971 | D:3      | Killed Terence
  1262 | D:4      | Noticed Duvessa
  1283 | D:4      | HP: 1/56 [Duvessa/+5 short sword of venom (9)]
  1284 | D:4      | Slain by Duvessa

Illustrated notes

Levels and vault maps discovered:
D:1:      noname_arrival_rooms_in_the_neighbourhood, layout_loops_ring,
          ebering_ecumenical_altar_petrified
D:2:      layout_basic
D:3:      layout_basic, mainiacjoe_overflow_alcove_2,
          gammafunk_temple_overflow_statue, kennysheep_generic_room_11,
          uniq_sigmund, uniq_jessica, uniq_terence
D:4:      layout_cave_pods, uniq_duvessa

Skill      XL: |  1  2  3  4  5  6 |
---------------+-------------------+-----
Fighting       | 1 3 |  3.5
Unarmed Combat | 1 |  1.8
Translocations | 2 3 |  3.1
Summonings     | 5 |  5.5
Dodging        | |  1.5
Stealth        | |  3.0
Spellcasting   | |  2.0

Action                   |  1- 3 |  4- 6 || total
-------------------------+-------+-------++-------
Melee: Unarmed           |    16 |    22 ||    38
 Cast: Summon Small Mamm |    14 |     6 ||    20
       Call Imp          |    10 |     9 ||    19
       Call Canine Famil |       |     8 ||     8
 Abil: Spit Poison       |    20 |     5 ||    25
Evoke: Wand              |       |     1 ||     1
  Use: Potion            |       |     1 ||     1
 Stab: Sleeping          |     1 |       ||     1
Armor: Robe              |     7 |     3 ||    10
       Skin              |       |     2 ||     2
Dodge: Dodged            |    19 |    12 ||    31
